 Dungeon Crawl Stone Soup version 0.31-a0-162-gc4c5a43528 (webtiles) character file.

Game seed: 6863232119636449565

125 qw the Chopper (level 5, -1/32 HPs)
             Began as a Gargoyle Fighter on June 12, 2023.
             Slain by an orc warrior
             ... wielding a +0 halberd
              (10 damage)
             ... on level 4 of the Dungeon.
             The game lasted 00:01:13 (2766 turns).

qw the Chopper (Gargoyle Fighter)                   Turns: 2766, Time: 00:01:13

Health: -1/32      AC: 14    Str: 22    XL:     5   Next: 9%
Magic:  5/5        EV:  9    Int:  8    God:
Gold:   57         SH:  4    Dex:  9    Spells: 4/4 levels left

rFire   . . .        Y - +0 war axe
rCold   . . .        c - +0 buckler
rNeg    + . .        q - +2 scale mail {Will+}
rPois   inf          (no helmet)
rElec   +            (no cloak)
rCorr   .            g - +0 pair of gloves
SInv    .            (no boots)
Will    +....        h - amulet of faith Stlth
                     (no ring)
HPRegen 0.25/turn    (no ring)
MPRegen 0.09/turn

%: faith
@: no status effects
A: sickness immunity, AC +4, negative energy resistance 1, electricity
resistance, torment resistance 1, petrification resistance
a: no special abilities


You were on level 4 of the Dungeon.
You visited 1 branch of the dungeon, and saw 4 of its levels.

You collected 106 gold pieces.
You spent 49 gold pieces at shops.


Innate Abilities, Weirdness & Mutations

You are immune to sickness and miasma.
Your stone body is resilient. (AC +4)
You are immune to poison.
You resist negative energy. (rN+)
You are resistant to electric shocks. (rElec)
You are resistant to unholy torment.
You are immune to petrification.


   Skills:
 - Level 3.2 Fighting
 + Level 4.6 Axes
 - Level 3.2 Armour
 - Level 3.2 Shields


You had 4 spell levels left.
You didn't know any spells.
Your spell library was empty.

Inventory:

Hand Weapons
 r - a +0 morningstar of protection
 Y - a +0 war axe (weapon)
Armour
 c - a +0 buckler (worn)
 g - a +0 pair of gloves (worn)
 q - a +2 scale mail of willpower (worn)
Jewellery
 h - an amulet of faith (around neck)
Scrolls
 n - a scroll of identify
Potions
 d - 2 potions of might
 e - a potion of magic {unknown}
 f - a potion of berserk rage {unknown}
 i - a potion of attraction {unknown}
 j - a potion of brilliance {unknown}
 k - a potion of curing {unknown}
 l - a potion of heal wounds {unknown}

Dungeon Overview and Level Annotations

Branches:
Dungeon (4/15)
 Temple: D:4-7

Altars:

Shops:
D:2 :   D:3 [


Message History

Found a leather armour.
Things that are here:
a +0 dagger; a +0 robe You closely miss the orc warrior.
The orc warrior hits you with a +0 halberd!
You closely miss the orc warrior.
The orc warrior hits you but does no damage.
You block the orc warrior's attack.
You hit the orc warrior.
The orc warrior is moderately wounded.
The orc warrior hits you with a +0 halberd!
You barely miss the orc warrior.
The orc warrior is moderately wounded.
The orc warrior completely misses you. The orc warrior closely misses you.
You closely miss the orc warrior.
The orc warrior is moderately wounded.
The orc warrior hits you with a +0 halberd.
You hit the orc warrior but do no damage.
The orc warrior is moderately wounded.
The orc warrior hits you but does no damage.
You barely miss the orc warrior.
The orc warrior is lightly wounded.
You block the orc warrior's attack.
You barely miss the orc warrior.
The orc warrior is lightly wounded.
The orc warrior completely misses you.
The orc warrior hits you with a +0 halberd.
You closely miss the orc warrior.
The orc warrior is lightly wounded.
The orc warrior closely misses you.
You closely miss the orc warrior.
The orc warrior is lightly wounded.
The orc warrior hits you but does no damage.
You closely miss the orc warrior.
The orc warrior is lightly wounded.
The orc warrior hits you with a +0 halberd.
You barely miss the orc warrior.
The orc warrior is lightly wounded.
The orc warrior hits you with a +0 halberd!
You die...

########.
#<.......
##.#######
##...######
#...).....#
#...@####.#
#.#o##
#.... #....
#.... #...
#..[ #.##


You could see an orc warrior.

Vanquished Creatures
  An orc wizard (D:4)
  3 adders
  A worm (D:3)
  2 dart slugs
  2 orcs (D:4)
  7 ball pythons
  7 bats
  9 endoplasms
  2 giant cockroaches
  8 goblins
  4 hobgoblins
  2 quokkas
  5 frilled lizards
  3 kobolds
  7 rats
63 creatures vanquished.

Notes
Turn   | Place    | Note
-------+----------+-------------------------------------------
     0 | D:1      | qw the Gargoyle Fighter began the quest for the Orb.
     0 | D:1      | Reached XP level 1. HP: 14/14 MP: 1/1
     0 | D:1      | 0 ||| qw: Version: 0.2-a-29-gc1b59c4
     0 | D:1      | 0 ||| qw: Game counter: 4378
     0 | D:1      | 0 ||| qw: Always use a shield: true
     0 | D:1      | 0 ||| qw: God list: Okawaru
     0 | D:1      | 0 ||| qw: Allow faded altars: false
     0 | D:1      | 0 ||| qw: Do Orc after D:15 true
     0 | D:1      | 0 ||| qw: Do second Lair branch before Depths: true
     0 | D:1      | 0 ||| qw: Lair rune preference: random
     0 | D:1      | 0 ||| qw: Plans: Normal, Zot:1-4, Slime:5, God:TSO, Crypt,
                  | Tomb, Abyss, Pan, Hells, Win
     0 | D:1      | 0 ||| PLANNING D:1-11
    27 | D:1      | Reached skill level 2 in Axes
    60 | D:1      | Reached XP level 2. HP: 19/19 MP: 2/2
   128 | D:1      | 128 ||| Stepping ~*~*~tactically~*~*~ (stealth).
   181 | D:1      | 181 ||| Stepping ~*~*~tactically~*~*~ (hiding).
   667 | D:1      | Reached skill level 3 in Axes
   688 | D:1      | Reached XP level 3. HP: 23/23 MP: 3/3
   934 | D:1      | 934 ||| READING 2 scrolls labelled DETORGH UXZAIMO.
  1035 | D:1      | 1035 ||| READING scroll labelled JUEKHA JIVANARO.
  1036 | D:1      | 1036 ||| READING scroll labelled KOMAIM OHYATAEGE.
  1039 | D:1      | 1039 ||| DROPPING scroll of silence.
  1056 | D:2      | 1056 ||| Stepping ~*~*~tactically~*~*~ (stealth).
  1177 | D:2      | Found Keczofon's Book Boutique.
  1491 | D:2      | Reached XP level 4. HP: 28/28 MP: 4/4
  1738 | D:2      | 1738 ||| READING scroll labelled BOAS ODAOSKE.
  1739 | D:2      | 1739 ||| READING scroll labelled XENACL MUCYM.
  1867 | D:3      | Reached skill level 4 in Axes
  1928 | D:3      | 1928 ||| DROPPING +0 club.
  1961 | D:3      | Found Vesses's Armour Shop.
  1965 | D:3      | 1965 ||| BUYING +0 pair of gloves (49 gold).
  1965 | D:3      | Bought a +0 pair of gloves for 49 gold pieces
  1965 | D:3      | 1965 ||| SHOPLISTING +1 scale mail of fire resistance (176
                  | gold, have 47).
  2563 | D:3      | 2563 ||| Stepping ~*~*~tactically~*~*~ (stealth).
  2581 | D:3      | 2581 ||| Stepping ~*~*~tactically~*~*~ (stealth).
  2625 | D:3      | 2625 ||| DROPPING +0 flail.
  2692 | D:3      | 2692 ||| UPGRADING to +0 pair of gloves.
  2697 | D:3      | 2697 ||| UPGRADING to +2 scale mail of willpower.
  2707 | D:3      | 2707 ||| DROPPING +0 scale mail.
  2708 | D:3      | 2708 ||| UPGRADING to amulet of faith.
  2713 | D:3      | 2713 ||| DROPPING ring of magical power.
  2714 | D:3      | 2714 ||| READING scroll labelled NOSUPTUOVE.
  2715 | D:3      | 2715 ||| READING scroll labelled APNITIE OLEM.
  2741 | D:4      | 2741 ||| PLANNING SEWER
  2743 | D:4      | 2743 ||| Stepping ~*~*~tactically~*~*~ (hiding).
  2751 | D:4      | Noticed an orc warrior
  2754 | D:4      | Reached XP level 5. HP: 32/32 MP: 5/5
  2762 | D:4      | HP: 8/32 [orc warrior/+0 halberd (3)]
  2766 | D:4      | Slain by an orc warrior

Levels and vault maps discovered:
D:1:      lightli_arrival_lavapool, layout_basic, serial_rivers,
          chequers_serial_rivers_micro_c, chequers_serial_rivers_room_a,
          chequers_serial_rivers_small_b, chequers_serial_rivers_micro_a,
          chequers_serial_rivers_large_a, chequers_serial_rivers_micro_a
D:2:      layout_loops_ring, serial_shops, shop
D:3:      minmay_octagon_keep, layout_basic, serial_shops,
          nicolae_shop_back_alley_shop
D:4:      layout_loops_ring, mainiacjoe_overflow_catch_the_wave,
          portal_sewer_entry_c, ebering_ghost_disaster_area,
          minmay_fire_ice_demons, uniq_duvessa

Skill      XL: |  1  2  3  4 |
---------------+-------------+-----
Axes           | 2 3 4 |  4.6
Fighting       | |  3.2
Armour         | |  3.2
Shields        | |  3.2

Action                     |  1- 3 |  4- 6 || total
---------------------------+-------+-------++-------
  Melee: War axe           |    88 |    92 ||   180
    Use: Scroll            |     3 |     4 ||     7
 Armour: Scale mail        |    43 |    46 ||    89
  Dodge: Dodged            |    29 |    45 ||    74
  Block: Buckler           |    18 |    14 ||    32

Table legend:
 A = Non-vault XP
 B = Vault XP
 C = Vault XP percentage of total XP
 D = Non-vault monster count
 E = Vault monster count
 F = Vault count percentage of total count
                 A         B        C        D         E       F
            +---------+---------+-------+---------+---------+-------
      Total |     152 |      27 |  15.1 |      51 |      12 |  19.0
            +---------+---------+-------+---------+---------+-------
        D:1 |      36 |       0 |   0.0 |      21 |       0 |   0.0
        D:2 |      46 |       0 |   0.0 |      15 |       0 |   0.0
        D:3 |      31 |      27 |  46.6 |      12 |      12 |  50.0
        D:4 |      39 |       0 |   0.0 |       3 |       0 |   0.0
            +---------+---------+-------+---------+---------+-------
